 Dungeon Crawl Stone Soup version 0.19.0-11-g3fc08b3 (webtiles) character file.

370 sleepydude the Covered (level 6, 0/39 HPs)
             Began as a Gargoyle Fighter on Nov 10, 2016.
             Slain by Sigmund
             ... wielding a +0 scythe
              (7 damage)
             ... on level 3 of the Dungeon.
             The game lasted 00:07:30 (2268 turns).

sleepydude the Covered (Gargoyle Fighter)           Turns: 2268, Time: 00:07:30

Health: 0/39       AC: 13    Str: 21    XL:     6   Next: 70%
Magic:  6/6        EV:  7    Int:  9    God:
Gold:   133        SH:  9    Dex:  9    Spells: 0 memorised, 5 levels left

rFire  . . .     SeeInvis .     a - +0 war axe
rCold  . . .     Gourm    .     b - +0 scale mail
rNeg   + . .     Faith    .     c - +0 shield
rPois  ∞         Spirit   .     (no helmet)
rElec  +         Reflect  .     r - +0 cloak
rCorr  .         Harm     .     (no gloves)
MR     .....                    (no boots)
Stlth  ..........               (no amulet)
                                (no ring)
                                (no ring)

@: no status effects
A: negative energy resistance 1, electricity resistance, unbreathing,
petrification resistance, rot immunity, AC +4
a: no special abilities


You were on level 3 of the Dungeon.
You were not hungry.

You visited 1 branch of the dungeon, and saw 3 of its levels.

You collected 133 gold pieces.

Inventory:

Hand Weapons
 a - a +0 war axe (weapon)
 e - a +0 flail
Armour
 b - a +0 scale mail (worn)
 c - a +0 shield (worn)
 r - a +0 cloak (worn)
Jewellery
 k - an uncursed ring of ice
 t - an uncursed amulet of rage {unknown}
Wands
 d - a wand of disintegration (4/24)
Scrolls
 h - a scroll of identify {@r1}
 i - a scroll of teleportation {unknown}
 j - 2 scrolls of magic mapping {unknown}
 u - 2 scrolls of fear {unknown}
 w - a scroll of noise {unknown}
Potions
 l - a potion of mutation {unknown}
 m - a potion of berserk rage {unknown}
 n - a potion of curing {unknown}
 o - a potion of degeneration {unknown}
 p - a potion of brilliance {unknown}
 q - 2 potions of lignification {unknown}
 v - a potion of magic {unknown}
Comestibles
 f - a bread ration
 g - 2 meat rations
 s - 4 fruits
 x - a chunk of flesh


   Skills:
 + Level 4.6 Fighting
 - Level 1.9(2.6) Axes
 + Level 3.0(3.3) Maces & Flails
 + Level 5.1 Armour
 + Level 4.8 Shields


You had 5 spell levels left.
You didn't know any spells.

Dungeon Overview and Level Annotations

Branches:
Dungeon (3/15)

Altars:
Qazlal
Trog
The Shining One

Annotations:
D:3 Sigmund


Innate Abilities, Weirdness & Mutations

You are resistant to torment.
Your stone body is resilient. (AC +4)
You are immune to poison.
You resist negative energy. (rN+)
You are resistant to electric shocks. (rElec)
You can survive without breathing.
You are immune to petrification.
You are immune to rotting.


Message History

You miss something.
You hear some strange, mumbled words.
A puff of flame appears from out of thin air!
The puff of flame misses you. Something hits you but does no damage.
You closely miss something. Something hits you.
Your shield and scale mail prevent you from hitting something.
You block something's attack.
You hit something but do no damage. Something hits you but does no damage.
You barely miss something.
You hear some strange, mumbled words.
A puff of flame appears from out of thin air!
The puff of flame misses you.
You hit something but do no damage. Something hits you but does no damage.
Your shield and scale mail prevent you from hitting something.
Something hits you!
* * * LOW HITPOINT WARNING * * *
You miss something. Something hits you.
* * * LOW HITPOINT WARNING * * *
You closely miss something. Something hits you!
You die...

....## ##......._..
###.# ##....^..≈...
###.# ##.....^##§..#
.##.######
#...÷..^.....#
>...[......
+.....^#..≈..#
.#.########
#...........≈. ##.#
##..........## ##.#
###.########.....#####
#.#
...(..{@.####...###
#.#
.#...###..........#
#.# #. #..####.##.#
#.# #..# #.# .# #..#
#.# # #..# ... ...#
... ..... .... ###.#
.#.


There were no monsters in sight!

Vanquished Creatures
  A centaur (D:3)
  Crazy Yiuf (D:2)
  Jessica (D:2)
  Ijyb (D:3)
  Natasha (thrice) (D:3)
  5 adders
  A gnoll (D:1)
  4 worms (D:2)
  5 leopard geckos
  12 bats
  2 giant cockroaches
  6 goblins
  5 hobgoblins (D:1)
  4 ball pythons
  5 frilled lizards
  6 kobolds
  16 rats
78 creatures vanquished.

Notes
Turn   | Place    | Note
-------+----------+-------------------------------------------
     0 | D:1      | sleepydude the Gargoyle Fighter began the quest for the Orb.
     0 | D:1      | Reached XP level 1. HP: 14/14 MP: 1/1
     6 | D:1      | Noticed a redback
     6 | D:1      | Noticed a salamander
     6 | D:1      | Noticed a polar bear
    56 | D:1      | Reached XP level 2. HP: 10/19 MP: 2/2
   345 | D:1      | Reached XP level 3. HP: 23/23 MP: 3/3
   515 | D:1      | Reached skill level 1 in Maces & Flails
   848 | D:2      | Reached XP level 4. HP: 29/29 MP: 4/4
   869 | D:2      | Found a glowing golden altar of the Shining One.
  1081 | D:2      | Found a bloodstained altar of Trog.
  1107 | D:2      | Noticed Jessica
  1126 | D:2      | Killed Jessica
  1126 | D:2      | Reached skill level 4 in Armour
  1165 | D:2      | Reached XP level 5. HP: 29/33 MP: 5/5
  1354 | D:2      | Found a runed door.
  1358 | D:2      | Noticed Crazy Yiuf
  1365 | D:2      | Killed Crazy Yiuf
  1598 | D:3      | Noticed a centaur
  1607 | D:3      | Killed a centaur
  1607 | D:3      | Reached XP level 6. HP: 37/39 MP: 6/6
  1668 | D:3      | Noticed Natasha
  1671 | D:3      | Killed Natasha
  1758 | D:3      | Noticed Ijyb
  1771 | D:3      | Noticed Natasha
  1778 | D:3      | Killed Ijyb
  1779 | D:3      | Killed Natasha
  1779 | D:3      | Reached skill level 5 in Armour
  2058 | D:3      | Noticed Natasha
  2061 | D:3      | Killed Natasha
  2184 | D:3      | Found a stormy altar of Qazlal.
  2188 | D:3      | Noticed Grinder
  2192 | D:3      | Paralysed by Grinder for 6 turns
  2209 | D:3      | Paralysed by Grinder for 3 turns
  2221 | D:3      | Paralysed by Grinder for 7 turns
  2241 | D:3      | Noticed Sigmund
  2268 | D:3      | Slain by Sigmund

Skill      XL: |  1  2  3  4  5  6 |
---------------+-------------------+-----
Maces & Flails | 1 2 3 |  3.0
Shields        | 4 |  4.8
Fighting       | 4 |  4.6
Armour         | 4 5 |  5.1
Axes           | |  1.9

Action                   |  1- 3 |  4- 6 || total
-------------------------+-------+-------++-------
Melee: War axe           |   142 |   157 ||   299
  Use: Scroll            |     3 |       ||     3
       Potion            |       |     1 ||     1
  Eat: Chunk             |       |     5 ||     5
Armor: Scale mail        |    89 |    91 ||   180
Dodge: Dodged            |    45 |    45 ||    90
Block: Shield            |    93 |    85 ||   178
